 Dungeon Crawl Stone Soup version 0.25.1-2-g60ff931df9 (webtiles) character file.

Game seed: 698360627864579702

313 Exodus22XD the Covered (level 6, 0/56 HPs)
             Began as a Deep Dwarf Fighter on Nov 7, 2020.
             Slain by a water moccasin (3 damage)
             ... on level 7 of the Dungeon.
             The game lasted 00:04:37 (2754 turns).

Exodus22XD the Covered (Deep Dwarf Fighter)         Turns: 2754, Time: 00:04:38

Health: 0/56       AC:  8    Str: 22    XL:     6   Next: 19%
Magic:  2/2        EV:  7    Int:  8    God:
Gold:   151        SH:  0    Dex: 12    Spells: 5/5 levels left

rFire    . . .     SeeInvis .   a - +0 war axe
rCold    . . .     Gourm    .   c - +0 kite shield
rNeg     . . .     Faith    .   b - +0 scale mail
rPois    .         Spirit   .   j - +0 helmet
rElec    .         Reflect  .   (no cloak)
rCorr    .         Harm     .   (no gloves)
MR       .....                  (no boots)
Stlth    ..........             (no amulet)
HPRegen  0.00/turn              (no ring)
MPRegen  0.08/turn              (no ring)

@: confused, brilliant, lethally poisoned (0 -> -21), non-regenerating
A: damage resistance, heal wounds, hooves 1, sense surroundings 1, no
regeneration
a: Heal Wounds


You were on level 7 of the Dungeon.
You were not hungry.

You visited 1 branch of the dungeon, and saw 5 of its levels.

You collected 151 gold pieces.

Inventory:

Hand Weapons
 a - a +0 war axe (weapon)
Armour
 b - a +0 scale mail (worn)
 c - a +0 kite shield (worn)
 j - a +0 helmet (worn)
Scrolls
 e - 2 scrolls of fear {unknown}
 g - 4 scrolls of amnesia
 n - a scroll of fog {unknown}
 q - a scroll of teleportation {unknown}
 r - 2 scrolls of identify
 s - a scroll of magic mapping {unknown}
 u - a scroll of remove curse {unknown}
Potions
 d - 3 potions of might
 h - a potion of flight
 i - a potion of brilliance
 o - a potion of degeneration {unknown}
 p - a potion of stabbing {unknown}
 t - a potion of haste {unknown}
 v - a potion of lignification {unknown}
Comestibles
 f - 8 rations
 k - 3 chunks of flesh


   Skills:
 + Level 3.5 Fighting
 + Level 4.6 Axes
 + Level 4.7 Armour
 - Level 0.3 Dodging
 + Level 4.5 Shields


You had 5 spell levels left.
You didn't know any spells.
Your spell library was empty.

Dungeon Overview and Level Annotations

Branches:
Dungeon (4/15)
 Temple: D:4-7

Altars:
Dithmenos
Gozag
Hepliaklqana
Ru
Trog
Vehumet
Wu Jian
Yredelemnul
Zin

Annotations:
D:3 1 runed translucent door, Curus's ghost, amateur HOAK


Innate Abilities, Weirdness & Mutations

You are resistant to damage.
You can heal yourself by infusing magical energy.
You passively map a small area around you.
You do not regenerate.
You have large cloven feet.


Message History

The water moccasin poisons you!
You bump into the rock wall.
* * * LOW HITPOINT WARNING * * *
You feel very sick.
The water moccasin bites you but does no damage.
The centaur skeleton hits you.
* * * LOW HITPOINT WARNING * * *
You bump into the rock wall.
* * * LOW HITPOINT WARNING * * *
You feel very sick. The water moccasin bites you.
* * * LOW HITPOINT WARNING * * *
The centaur skeleton completely misses you.
The water moccasin barely misses you.
You bump into the rock wall.
* * * LOW HITPOINT WARNING * * *
You feel very sick.
The centaur skeleton hits you but does no damage.
The water moccasin bites you!
You die...

#...#.### , #.#.....#
######...#.#.## ,
#....>.....#..# *
#.#####.##.##.# ,*
#...####.#.#.#.####.#
*
#.........###.......#
#....#####.#.#Z##.###
*#.. #.##@# , ... *
####S# ,, ... ,
#lh...... , ,,*
###...##. * , ,, .###
* * # * *, *,* * * ,
* *


You could see a water moccasin, an iguana, a hound and a centaur skeleton.

Vanquished Creatures
  A scorpion (D:4)
  A water moccasin skeleton (D:4)
  2 orc wizards (D:4)
  An iguana (D:4)
  A hound skeleton (D:4)
  Robin (D:2)
  3 adders
  2 worms
  5 dart slugs
  A leopard gecko (D:3)
  5 orcs (D:4)
  A ball python (D:1)
  5 bats
  2 giant cockroaches (D:3)
  12 goblins
  8 hobgoblins
  4 jackals
  2 frilled lizards (D:2)
  3 kobolds
  6 rats
66 creatures vanquished.

Notes
Turn   | Place    | Note
-------+----------+-------------------------------------------
     0 | D:1      | Exodus22XD the Deep Dwarf Fighter began the quest for the
                  | Orb.
     0 | D:1      | Reached XP level 1. HP: 20/20 MP: 1/1
   206 | D:1      | Reached XP level 2. HP: 16/27 MP: 2/2
   863 | D:2      | Noticed Robin
   872 | D:2      | Killed Robin
   872 | D:2      | Reached XP level 3. HP: 32/34 MP: 3/3
  1036 | D:2      | Found a faded altar of an unknown god.
  1158 | D:2      | Found a shadowy altar of Dithmenos.
  1361 | D:2      | Reached XP level 4. HP: 39/42 MP: 4/4
  1761 | D:3      | Found a hazy altar of Hepliaklqana.
  1831 | D:3      | Found an ornate altar of the Wu Jian Council.
  2098 | D:3      | Found a runed translucent door.
  2100 | D:3      | Noticed Curus's ghost (amateur HOAK)
  2128 | D:3      | Found a radiant altar of Vehumet.
  2130 | D:3      | Found a basalt altar of Yredelemnul.
  2131 | D:3      | Found an opulent altar of Gozag.
  2131 | D:3      | Found a sacrificial altar of Ru.
  2131 | D:3      | Found a glowing silver altar of Zin.
  2272 | D:3      | Found a bloodstained altar of Trog.
  2421 | D:4      | Reached XP level 5. HP: 34/49 MP: 4/4
  2689 | D:4      | Reached XP level 6. HP: 23/56 MP: 4/4
  2703 | D:4      | You fall into a shaft and drop 3 floors!
  2719 | D:7      | Noticed a water moccasin
  2747 | D:7      | Gained mutation: You have large cloven feet. [potion of
                  | mutation]
  2753 | D:7      | HP: 2/56 [poisoned by a water moccasin]
  2754 | D:7      | Slain by a water moccasin

Illustrated notes

Levels and vault maps discovered:
D:1:      sevenhm_arrival_forest_fort_small_6, layout_basic
D:2:      layout_loops_ring, lemuel_doored_altar,
          chequers_ecumenical_altar_simple, minmay_distorted, uniq_robin
D:3:      layout_basic, nicolae_overflow_hidden_temple,
          grunt_temple_overflow_open, old_standard_altar,
          ebering_ghost_inner_flame
D:4:      layout_loops_ring, kennysheep_vampire_church
D:7:      cheibrodos_helix_gallery, layout_loops_ring,
          minmay_temple_entry_butterflies, serial_bayou_pond_a, grunt_livestock

Skill      XL: |  1  2  3  4  5 |
---------------+----------------+-----
Fighting       | 3 |  3.5
Axes           | 3 4 |  4.6
Armour         | 4 |  4.7
Shields        | 4 |  4.5
Dodging        | |  0.3

Action                   |  1- 3 |  4- 6 || total
-------------------------+-------+-------++-------
Melee: War axe           |    79 |   125 ||   204
 Abil: Heal Wounds       |     1 |     5 ||     6
  Use: Potion            |       |     3 ||     3
       Scroll            |       |     2 ||     2
  Eat: Chunk             |     1 |     5 ||     6
Armor: Scale mail        |    32 |    57 ||    89
Dodge: Dodged            |    21 |    52 ||    73
Block: Kite shield       |    55 |    63 ||   118
